 Dungeon Crawl Stone Soup version 0.29-a0-283-ga02f740833 (webtiles) character file.

Game seed: 1602165528409978023

10395 Conn the Arsonist (level 11, -1/100 HPs)
             Began as an Octopode Fire Elementalist on Mar 13, 2022.
             Succumbed to a queen bee's poison
             ... on level 1 of the Lair of Beasts.
             The game lasted 00:36:26 (14302 turns).

Conn the Arsonist (Octopode Fire Elementalist)     Turns: 14302, Time: 00:36:27

Health: -1/100     AC: 25    Str:  7    XL:     11   Next: 61%
Magic:  7/24       EV:  2    Int: 22    God:
Gold:   461        SH:  0    Dex: 25    Spells: 11/28 levels left

rFire   + + .      SeeInvis +   m - staff of fire
rCold   . . .      Faith    .   (no shield)
rNeg    . . .      Spirit   .   (helmet currently unavailable)
rPois   +          Reflect  .   (no amulet)
rElec   .          Harm     .   p - ring of see invisible
rCorr   +          Rampage  .   r - +6 ring of dexterity
Will    .....      NoTele   +   x - ring of protection from fire
Stlth   ++++......              y - ring of resist corrosion
HPRegen 0.26/turn               d - ring of flight
MPRegen 0.19/turn               j - +6 ring of dexterity
                                (no ring)
                                (no ring)

@: lethally poisoned (-1 -> -17), tree-form
A: stationary, stasis, torment immunity, boosted hp, almost no armour,
(amphibious), 8 rings, (camouflage 1), (gelatinous body 1), (nimble swimmer 1),
(tentacles), (antennae 1), (beak), MP-powered wands
a: no special abilities


You were on level 1 of the Lair of Beasts.
You were a tree.
You visited 3 branches of the dungeon, and saw 11 of its levels.

You collected 461 gold pieces.

Inventory:

Hand Weapons
 e - a +2 dagger of venom
 f - a +4 dagger of venom
 g - a +0 dagger
Missiles
 t - 16 poisoned darts (quivered)
 z - a throwing net
Armour
 a - a +0 buckler
 w - a +2 hat (melded)
Magical Staves
 m - a staff of fire (weapon)
Jewellery
 d - a ring of flight (on tentacle)
 j - a +6 ring of dexterity (on tentacle)
 p - a ring of see invisible (left branch)
 r - a +6 ring of dexterity (right branch)
 x - a ring of protection from fire (on tentacle)
 y - a ring of resist corrosion (on tentacle)
Wands
 n - a wand of polymorph (3)
 o - a wand of flame (17)
Scrolls
 c - 3 scrolls of immolation
 h - a scroll of teleportation
Potions
 k - a potion of flight
 l - a potion of brilliance
 q - a potion of cancellation
 s - a potion of haste
 u - a potion of lignification


   Skills:
 + Level 3.2 Fighting
 + Level 2.9 Short Blades
 + Level 0.2 Throwing
 + Level 3.6 Dodging
 + Level 6.4 Stealth
 + Level 9.3 Spellcasting
 * Level 7.6 Conjurations
 + Level 1.9 Hexes
 * Level 10.3 Fire Magic
 * Level 4.1 Air Magic


You had 11 spell levels left.
You knew the following spells:

 Your Spells              Type           Power      Damage    Failure   Level
a - Foxfire               Conj/Fire      100%       2x1d9     1%          1
b - Conjure Flame         Conj/Fire      66%        6-21      1%          3
c - Inner Flame           Hex/Fire       54%        N/A       1%          3
d - Flame Wave            Conj/Fire      66%        2d12      1%          4
e - Scorch                Fire           100%       2d10      1%          2
f - Airstrike             Air            14%        N/A       12%         4

Your spell library contained the following spells:

 Spells                   Type           Power      Damage    Failure   Level
 Poisonous Vapours        Pois/Air       38%        N/A       4%          2
 Fire Storm               Conj/Fire      33%        8d8       100%        9


Dungeon Overview and Level Annotations

Branches:
Dungeon (8/15)             Temple (1/1) D:6            Lair (2/6) D:8
  Snake (0/4) Lair:2
  Swamp: Lair:2-4    Shoals: Lair:2-4

Altars:
Ashenzari
Cheibriados
Dithmenos
Elyvilon
Fedhas
Kikubaaqudgha
Makhleb
Nemelex Xobeh
Okawaru
Qazlal
Trog
Uskayaw
Vehumet
Wu Jian
Xom
The Shining One
Jiyva

Annotations:
D:6 Dowan
D:8 Gastronok


Innate Abilities, Weirdness & Mutations

You are a tree.
Your roots penetrate the ground, keeping you stationary.
You cannot be teleported.
You are immune to unholy pain and torment.
Your maximum health is greatly increased.
You cannot wear most types of armour.
((You are amphibious.))
You can wear up to eight rings at the same time.
((Your skin changes colour to match your surroundings (Stealth+).))
((Your rubbery body absorbs attacks. (AC +1, EV +1)))
((You are camouflaged when in or above water. (Stealth+)))
((You have tentacles for arms and can constrict up to eight enemies at once.))
((You have a pair of small antennae on your head.))
((You have a beak for a mouth.))
You expend magic power (3 MP) to strengthen your wands.


Message History

The queen bee is moderately wounded.
You feel very sick.
A wave of flame ripples out!
The flame wave engulfs the queen bee.
The queen bee is heavily wounded.
You finish channelling waves of flame.
You feel very sick. The queen bee stings you.
* * * LOW HITPOINT WARNING * * *
You are lethally poisoned!
The queen bee poisons you!
Unknown command.
Unknown command.
Unknown command.
Really quaff the potion of lignification?
You turn into a tree.
Your +2 hat melds into your body.
Your roots penetrate the ground.
* * * LOW HITPOINT WARNING * * *
You feel very sick. The killer bee stings you.
* * * LOW HITPOINT WARNING * * *
The queen bee stings you but does no damage.
Unknown command.
Unknown command.
Okay, then.
Unknown command.
As you read the scroll of fear, it crumbles to dust.
You assume a fearsome visage.
The killer bee looks frightened!
The queen bee looks frightened!
* * * LOW HITPOINT WARNING * * *
You feel very sick.
Unknown command.
Okay, then.
Okay, then.
Unknown command.
Unknown command.
Unknown command.
Casting: Flame Wave (mildly dangerous; 1% risk of failure)
Confirm with . or Enter, or press ? or * to list all spells.
You feel a surge of power!
You conjure some foxfire!
You die...

##.'.....#P..##.....y
...#.....'...#..........
####......#####. ..!...#
#.....## #. .!...
#.....# #. ††.. #.....#
#. #.y# ####'## †#y..
##..# #†v# #..## #♣####
###'### ###'v#.###
#.....## #........#
###......#####........#
.##........##.........#
#.'.....#..###........+
..#.....##..#.........##
###.....###..#.........#
##.+##.# ##.+.........#


You could see a queen bee (fleeing, ally target) and a killer bee (fleeing).

Vanquished Creatures
  A hydra (Lair:1)
  A boulder beetle (D:6)
  The ghost of bgiannan the Fighter, a novice GrFi of Cheibriados (D:7)
  Joseph (D:8)
  A komodo dragon (Lair:1)
  A polar bear (Lair:1)
  3 blink frogs (Lair:1)
  3 wyverns
  5 yaks (D:4)
  A steam dragon (D:8)
  Grum (D:8)
  3 basilisks (D:8)
  A vampire mosquito (D:7)
  2 nagas (Lair:2)
  Duvessa (D:6)
  2 water moccasins (Lair:1)
  5 orc warriors
  2 sky beasts
  2 black bears
  2 ice beasts
  3 wolves
  A kobold brigand (D:8)
  A gnoll sergeant (D:8)
  2 bullfrogs
  3 necrophages
  3 scorpions
  A water moccasin zombie (D:6)
  10 wights (D:7)
  A water moccasin skeleton (D:6)
  23 killer bees (Lair:1)
  A howler monkey (D:7)
  An electric eel (D:7)
  2 hounds
  6 orc priests
  4 bullfrog zombies (D:6)
  A jelly (D:7)
  A gnoll shaman (D:5)
  6 iguanas
  Terence (D:3)
  Natasha (twice) (D:2)
  9 orc wizards
  2 killer bee zombies (D:6)
  A howler monkey zombie (D:6)
  9 gnolls
  9 adders
  A howler monkey skeleton (D:6)
  2 shadow imps
  A white imp (D:7)
  An ufetubus (D:5)
  2 worms (D:3)
  4 dart slugs (D:1)
  31 orcs
  9 ball pythons
  3 endoplasms
  4 giant cockroaches
  6 goblins
  2 hobgoblins
  15 kobolds
  3 quokkas
  3 bats
  2 frilled lizards (D:1)
  4 rats
  A bush (Lair:1)
236 creatures vanquished.

Vanquished Creatures (others)
  814 foxfires
  8 plants
  6 withered plants (D:6)
828 creatures vanquished.

Grand Total: 1064 creatures vanquished

Notes
Turn   | Place    | Note
-------+----------+-------------------------------------------
     0 | D:1      | Conn the Octopode Fire Elementalist began the quest for the
                  | Orb.
     0 | D:1      | Reached XP level 1. HP: 11/11 MP: 3/3
   106 | D:1      | Reached XP level 2. HP: 17/17 MP: 0/5
   384 | D:1      | Reached XP level 3. HP: 18/21 MP: 0/6
   986 | D:1      | Found a faded altar of an unknown god.
  1166 | D:2      | Reached XP level 4. HP: 24/27 MP: 7/7
  1906 | D:2      | Reached skill level 1 in Short Blades
  1906 | D:2      | Reached XP level 5. HP: 28/31 MP: 8/8
  1975 | D:2      | Noticed Natasha
  1985 | D:2      | Killed Natasha
  1986 | D:2      | Reached skill level 4 in Fire Magic
  2168 | D:2      | Noticed Natasha
  2186 | D:2      | Learned a level 3 spell: Conjure Flame
  2190 | D:2      | Learned a level 3 spell: Inner Flame
  2193 | D:2      | Learned a level 2 spell: Scorch
  2740 | D:2      | Killed Natasha
  3288 | D:3      | Reached XP level 6. HP: 36/36 MP: 10/10
  3558 | D:3      | Found a radiant altar of Vehumet.
  3629 | D:3      | Found a shimmering altar of Xom.
  4237 | D:3      | Noticed Terence
  4247 | D:3      | Killed Terence
  4504 | D:4      | Reached XP level 7. HP: 42/42 MP: 6/12
  4936 | D:4      | Noticed a yak
  4936 | D:4      | Noticed a yak
  4936 | D:4      | Noticed a yak
  4958 | D:4      | Killed a yak
  4959 | D:4      | Reached skill level 5 in Fire Magic
  4960 | D:4      | Killed a yak
  5167 | D:4      | Noticed a yak
  5173 | D:4      | Killed a yak
  5174 | D:4      | Reached XP level 8. HP: 47/47 MP: 5/15
  5177 | D:4      | Noticed a yak
  5198 | D:4      | Killed a yak
  5207 | D:5      | Entered Level 5 of the Dungeon
  5498 | D:5      | Reached skill level 1 in Fighting
  5498 | D:5      | Reached skill level 5 in Stealth
  5498 | D:5      | Reached skill level 5 in Spellcasting
  5817 | D:4      | Killed a yak
  5818 | D:4      | Reached skill level 6 in Fire Magic
  6227 | D:5      | Found an iron altar of Okawaru.
  7116 | D:6      | Reached skill level 5 in Conjurations
  7116 | D:6      | Reached XP level 9. HP: 53/53 MP: 6/17
  7364 | D:6      | Noticed a boulder beetle
  7579 | D:7      | Reached skill level 7 in Fire Magic
  7811 | D:7      | Found a runed translucent door.
  7811 | D:7      | Noticed bgiannan's ghost (novice GrFi)
  8629 | D:7      | Got the Tome of the Stag
  9006 | D:7      | Killed bgiannan's ghost
  9007 | D:7      | Reached skill level 1 in Hexes
  9007 | D:7      | Reached skill level 8 in Fire Magic
  9007 | D:7      | Reached XP level 10. HP: 38/59 MP: 2/21
  9339 | D:6      | Killed a boulder beetle
  9695 | D:6      | Noticed Duvessa
  9702 | D:6      | Noticed Dowan
  9710 | D:6      | Killed Duvessa
 10244 | D:6      | Found a staircase to the Ecumenical Temple.
 10253 | Temple   | Entered the Ecumenical Temple
 10479 | D:8      | Noticed a tengu warrior
 10479 | D:8      | Noticed a cyclops
 10479 | D:8      | Found the amulet of Vitality {Regen+ HP+15}
 10501 | D:8      | Found a broken altar of Ashenzari.
 10507 | D:8      | Learned a level 4 spell: Flame Wave
 10512 | D:8      | Learned a level 4 spell: Airstrike
 10516 | D:8      | Noticed Joseph
 10516 | D:8      | Noticed Grum
 10565 | D:8      | Found an ornate altar of the Wu Jian Council.
 10595 | D:8      | Noticed Gastronok
 10786 | D:8      | Noticed a two-headed ogre
 10787 | D:8      | Noticed a tengu warrior
 10787 | D:8      | Noticed a five-headed hydra
 10787 | D:8      | Noticed a skeletal warrior
 10796 | D:8      | Noticed a two-headed ogre
 10796 | D:8      | Noticed a cyan ugly thing
 10796 | D:8      | Noticed a centaur warrior
 10875 | D:8      | Gained mutation: You expend magic power (3 MP) to
                  | strengthen your wands. [potion of mutation]
 10875 | D:8      | Gained mutation: You have a beak for a mouth. [potion of
                  | mutation]
 10875 | D:8      | Gained mutation: You have a pair of small antennae on your
                  | head. [potion of mutation]
 11519 | D:8      | Killed Grum
 11520 | D:8      | Reached skill level 9 in Fire Magic
 11712 | D:8      | Reached skill level 1 in Air Magic
 12232 | D:8      | Reached XP level 11. HP: 57/67 MP: 3/23
 12374 | D:8      | Found a staircase to the Lair.
 12714 | D:8      | Killed Joseph
 13143 | Lair:1   | Entered Level 1 of the Lair of Beasts
 13298 | Lair:1   | Noticed a six-headed hydra
 13459 | Lair:2   | Found a staircase to the Snake Pit.
 13499 | Lair:1   | Noticed a seven-headed hydra
 13513 | Lair:1   | Killed a seven-headed hydra
 13778 | Lair:1   | Found an ornate altar of the Wu Jian Council.
 13942 | Lair:1   | Reached skill level 10 in Fire Magic
 14301 | Lair:1   | HP: 3/100 [poisoned by a queen bee]
 14302 | Lair:1   | Succumbed to a queen bee's poison

Illustrated notes

Levels and vault maps discovered:
D:1:      minmay_arrival_doors, layout_basic,
          hellmonk_ecumenical_altar_prayer_group, nicolae_grassy_gnolls
D:2:      layout_basic, uniq_natasha
D:3:      minmay_spotlight, layout_loops_corners, general_overflow_altar,
          vehumet_altar_wand_db, corner_web_ring, kennysheep_nub, moated_statue,
          uniq_terence
D:4:      layout_gridville
D:5:      layout_layer_cave, pf_just_have_faith
D:6:      layout_rooms, temple_statues, serial_undead, serial_undead_f,
          serial_undead_a, serial_undead_d, serial_undead_c, serial_undead_b,
          serial_undead_b, uniq_duvessa
D:7:      layout_loops_ring, ebering_ghost_inner_flame, lightli_minifort
D:8:      layout_loops_corners, nicolae_ashenzari_panopticon,
          mainiacjoe_overflow_alcove_2, erik_lair_dragon, minivault_12,
          uniq_joseph, uniq_gastronok, uniq_grum
Temple:   pf_slime_end_temple
Lair:1:   layout_roguey [special_room_bee], basic_altar
Lair:2:   layout_cellular_growth, guppyfry_snake_entry_island

Skill      XL: |  1  2  3  4  5  6  7  8  9 10 11 |
---------------+----------------------------------+-----
Stealth        | 3 4 5 6 |  6.4
Conjurations   | 2 3 5 6 7 |  7.6
Short Blades   | 1 2 |  2.9
Fire Magic     | 4 5 6 8 9 10 | 10.3
Spellcasting   | 3 4 5 7 8 9 |  9.3
Fighting       | 1 3 |  3.2
Dodging        | 3 |  3.6
Hexes          | 1 |  1.9
Air Magic      | 1 4 |  4.1
Throwing       | |  0.2

Action                   |  1- 3 |  4- 6 |  7- 9 | 10-12 || total
-------------------------+-------+-------+-------+-------++-------
Melee: Unarmed           |     3 |       |       |       ||     3
       Constrict         |     5 |    12 |     4 |     9 ||    30
       Tentacles         |     5 |    14 |    10 |     6 ||    35
       Dagger            |    14 |    54 |    39 |    20 ||   127
       Punch             |       |       |     1 |       ||     1
       Peck              |       |       |       |     4 ||     4
       Staff             |       |       |       |     6 ||     6
Throw: Throwing net      |       |       |     2 |     2 ||     4
       Dart              |       |       |       |     6 ||     6
 Cast: Foxfire           |    55 |    64 |   156 |   199 ||   474
       Scorch            |       |     4 |    40 |    19 ||    63
       Conjure Flame     |       |     1 |     8 |     8 ||    17
       Inner Flame       |       |     1 |     5 |    27 ||    33
       Flame Wave        |       |       |       |     6 ||     6
  Use: Potion            |       |     1 |     2 |    10 ||    13
       Scroll            |       |       |     3 |    12 ||    15
 Stab: Sleeping          |       |     1 |    10 |     1 ||    12
Armor: Skin              |     3 |     3 |     4 |    17 ||    27
Dodge: Dodged            |    18 |    32 |    46 |    78 ||   174

Table legend: (Time is in decaauts)
 A = Elapsed time spent in this place.
 B = Non-inter-level travel time spent in this place.
 C = Inter-level travel time spent in this place.
 D = Time resting spent in this place.
 E = Time spent auto-exploring this place.
 F = Levels seen in this place.
 G = Mean time per level.
                   A        B        C        D        E       F      G
               +--------+--------+--------+--------+--------+-----+--------+
         Total |  14313 |  14143 |    170 |    911 |  10046 |  11 | 1301.2 |
       Dungeon |  13012 |  12852 |    160 |    644 |   9304 |   8 | 1626.5 |
        Temple |    140 |    130 |     10 |      0 |    110 |   1 |  140.0 |
          Lair |   1160 |   1160 |      0 |    267 |    632 |   2 |  580.0 |
               +--------+--------+--------+--------+--------+-----+--------+

Top non-repeatable levels by time:
     D:8: 2452 daAuts
     D:7: 2129 daAuts
     D:2: 1732 daAuts
     D:3: 1671 daAuts
     D:5: 1656 daAuts
     D:4: 1203 daAuts
     D:1: 1091 daAuts
     D:6: 1077 daAuts
  Lair:1: 991 daAuts
  Lair:2: 169 daAuts
  Temple: 140 daAuts
